 Dungeon Crawl Stone Soup version 0.19-a0-1714-gcab94ab (webtiles) character file.

53 st0uf the Digger (level 3, 22/22 HPs)
             Began as an Octopode Earth Elementalist on Sept 28, 2016.
             Was a Follower of Makhleb.
             Quit the game on level 2 of the Dungeon.
             The game lasted 00:05:50 (1224 turns).

st0uf the Digger (Octopode Earth Elementalist)      Turns: 1224, Time: 00:05:51

Health: 22/22      AC:  2    Str:  7    XL:     3   Next: 89%
Magic:  7/7        EV: 13    Int: 18    God:    Makhleb [*.....]
Gold:   35         SH:  0    Dex: 14    Spells: 2 memorised, 3 levels left

rFire  . . .     SeeInvis .       - Unarmed
rCold  . . .     Gourm    .     (no shield)
rNeg   . . .     Faith    .     (helmet restricted)
rPois  .         Spirit   .     (no amulet)
rElec  .         Dismiss  .     f - +2 ring of dexterity
rCorr  .         Reflect  .     (no ring)
MR     .....     Harm     .     (no ring)
Stlth  +++.......               (no ring)
                                (no ring)
                                (no ring)
                                (no ring)
                                (no ring)

@: no status effects
A: almost no armour, stealthy swim, amphibious, 8 rings, constrict 8, camouflage
1, gelatinous body 1
a: Renounce Religion


You were on level 2 of the Dungeon.
You worshipped Makhleb.
Makhleb was aware of your devotion.
You were not hungry.

You visited 1 branch of the dungeon, and saw 3 of its levels.

You collected 35 gold pieces.

Inventory:

Missiles
 b - 23 stones (quivered)
Jewellery
 f - a +2 ring of dexterity (left tentacle)
Scrolls
 a - a scroll of magic mapping {unknown}
 e - a scroll of immolation {unknown}
 k - a scroll of teleportation {unknown}
Potions
 g - 5 potions of brilliance {unknown}
 i - a potion of lignification {unknown}
Books
 d - a book of Geomancy

   Spells                             Type                      Level
   a - Sandblast                      Earth                        1
   b - Passwall                       Transmutation/Earth          2
   c - Stone Arrow                    Conjuration/Earth            3
   d - Petrify                        Transmutation/Earth          4
   e - Lee's Rapid Deconstruction     Earth                        5
Comestibles
 c - 3 bread rations
 h - a fruit


   Skills:
 - Level 0.6 Fighting
 - Level 2.2 Dodging
 - Level 3.1 Stealth
 - Level 1.0 Unarmed Combat
 * Level 2.7 Spellcasting
 + Level 0.4 Conjurations
   Level 1.0 Transmutations
 + Level 3.3 Earth Magic


You had 3 spell levels left.
You knew the following spells:

 Your Spells              Type           Power        Failure   Level  Hunger
a - Sandblast             Erth           ##....       4%          1    #......
b - Stone Arrow           Conj/Erth      #.....       24%         3    ###....


Dungeon Overview and Level Annotations

Branches:
Dungeon (3/15)

Altars:
Makhleb


Innate Abilities, Weirdness & Mutations

You cannot wear most types of armour.
You are very stealthy in the water.
You are amphibious.
You can wear up to eight rings at the same time.
You can use your tentacles to constrict eight enemies at once.
Your skin changes colour to match your surroundings (Stealth+).
Your rubbery body absorbs attacks. (AC +1, EV +1)


Message History

The giant cockroach closely misses you.
You tentacle-slap the giant cockroach but do no damage.
The giant cockroach is moderately wounded.
You constrict the giant cockroach. The giant cockroach closely misses you.
You tentacle-slap the giant cockroach.
You kill the giant cockroach!
There is a stone staircase leading down here.
You climb downwards.
There is a stone staircase leading up here.
You climb upwards.
There is a stone staircase leading down here.
All of the chunks of flesh in your inventory have rotted away.
There is a faded altar of an unknown god here.
You cannot tell which god this altar belongs to.
Convert to them anyway?
Okay, then.
You cannot tell which god this altar belongs to.
Convert to them anyway?
Makhleb accepts your prayer! Makhleb welcomes you!
You can now gain health from killing.
Are you sure you want to abandon this character and quit the game? (Confirm with "yes".)

........######.####
...................#
..........#####.##.#
.........(....#.##.#
...........##.#.##.#####
#.#...........##.#.#.......
.##.#..##...8...##.#.########
...#..##..8.8...#.#.#.......
.....##.8.@.8..#.#.#..#.###
#...##..8.8.....# #....#<.
#...#....8....### #..#####
#...#.........# #.......
#>....##.##### ########
##.#####.# #.# #.# #.# #.#
#.# #.#


There were no monsters in sight!

Vanquished Creatures
  An adder (D:2)
  2 oozes (D:1)
  A worm (D:2)
  2 dart slugs (D:1)
  A leopard gecko (D:1)
  2 giant cockroaches
  4 hobgoblins
  3 kobolds
  A quokka (D:2)
  3 bats (D:1)
  5 frilled lizards
  2 goblins (D:1)
  3 rats
30 creatures vanquished.

Notes
Turn   | Place    | Note
-------+----------+-------------------------------------------
     0 | D:1      | st0uf the Octopode Earth Elementalist began the quest for the Orb.
     0 | D:1      | Reached XP level 1. HP: 11/11 MP: 3/3
    45 | D:1      | Reached XP level 2. HP: 17/17 MP: 5/5
   601 | D:1      | Reached XP level 3. HP: 22/22 MP: 3/6
   639 | D:1      | Reached skill level 1 in Unarmed Combat
   718 | D:1      | Learned a level 3 spell: Stone Arrow
   956 | D:2      | Found a faded altar of an unknown god.
  1224 | D:2      | Became a worshipper of Makhleb the Destroyer
  1224 | D:2      | Reached * piety under Makhleb
  1224 | D:2      | Quit the game

Vault maps used:
D:1:      scummos_arrival_hexagon
D:2:      lemuel_upstairs_altar, grunt_dithmenos_smoke_and_mirrors,
          nicolae_qazlal_eye_of_the_storm, ecumenical_altar_2, minmay_cupped
D:3:      yredelemnul_altar_generic, first_bread, uniq_terence

Skill      XL: |  1  2  3 |
---------------+----------+-----
Stealth        | 3 |  3.1
Unarmed Combat | 1 |  1.0
Fighting       | |  0.6
Dodging        | |  2.2
Spellcasting   | |  2.7
Conjurations   | |  0.4
Transmutations | |  1.0
Earth Magic    | |  3.3

Action                   || total
-------------------------++-------
Melee: Unarmed           ||    31
       Constrict         ||     9
       Tentacles         ||     3
 Cast: Sandblast         ||    43
 Stab: Sleeping          ||     5
  Eat: Chunk             ||     1
Armor: Skin              ||     4
Dodge: Dodged            ||    35
